 Dungeon Sprint DCSS version 0.27-a0-1200-g94dc6ad4cf (webtiles) character file.

Game seed: 11992152477247124562

2600000 Zeld the Unseen (level 19, -65/134 HPs)
             Began as an Octopode Monk on June 1, 2021.
             Was a High Priest of Makhleb.
             Annihilated by The Servant
             ... wielding a +9 glaive of flaming
              (96 damage)
             ... in the Dungeon (Sprint VIII: "Arena of Blood").
             The game lasted 00:01:08 (26 turns).

Zeld the Unseen (Octopode Monk)                       Turns: 26, Time: 00:01:08

Health: -65/134    AC:  1    Str: 16    XL:     19   Next: 29%
Magic:  4/35       EV: 21    Int: 12    God:    Makhleb [*****.]
Gold:   0          SH:  0    Dex: 17    Spells: 42/42 levels left

rFire    . . .     SeeInvis .   g - +∞ Axe of Woe
rCold    . . .     Faith    .   (shield currently unavailable)
rNeg     . . .     Spirit   .   (helmet restricted)
rPois    .         Reflect  .   (no amulet)
rElec    .         Harm     .   (no ring)
rCorr    .         Rampage  .   (no ring)
Will     +....     NoTele   +   (no ring)
Stlth    ++++++++..             (no ring)
HPRegen  0.32/turn              (no ring)
MPRegen  0.24/turn              (no ring)
                                (no ring)
                                (no ring)

@: no status effects
A: almost no armour, amphibious, 8 rings, camouflage 1, gelatinous body 1,
(nimble swimmer 1), tentacles
a: Renounce Religion, Minor Destruction, Lesser Servant of Makhleb, Major
Destruction, Greater Servant of Makhleb


You were in the Dungeon.
You worshipped Makhleb.
Makhleb was extremely pleased with you.
You visited 1 branch

Inventory:

Hand Weapons
 g - the +∞ Axe of Woe (weapon)
   (You found it in the Dungeon)
Scrolls
 f - a scroll of blinking
Potions
 a - a potion of curing
 b - a potion of heal wounds
 c - a potion of haste
 d - 2 potions of magic
 e - a potion of berserk rage


   Skills:
 + Level 13.2 Fighting
 + Level 13.0(15.1) Short Blades
 + Level 13.2(15.2) Long Blades
 + Level 12.9(16.7) Axes
 + Level 13.3(16.9) Maces & Flails
 + Level 12.9(16.5) Polearms
 + Level 12.7(16.6) Staves
 + Level 13.0(15.0) Slings
 + Level 13.0 Bows
 + Level 12.9 Crossbows
 + Level 12.9(15.0) Throwing
 + Level 13.2 Dodging
 + Level 17.5 Stealth
 + Level 12.9 Shields
 + Level 13.3 Unarmed Combat
 + Level 12.1 Spellcasting
 + Level 12.9 Conjurations
 + Level 12.9 Hexes
 + Level 12.9 Summonings
 + Level 12.9 Necromancy
 + Level 12.9 Translocations
 + Level 12.8 Transmutations
 + Level 12.9 Fire Magic
 + Level 13.1 Ice Magic
 + Level 13.0 Air Magic
 + Level 12.9 Earth Magic
 + Level 15.0 Poison Magic
 + Level 14.0 Invocations


You had 42 spell levels left.
You didn't know any spells.
Your spell library was empty.

Dungeon Overview and Level Annotations

Branches:
Dungeon (1/1)

Altars:
Makhleb

Annotations:
D The Servant


Innate Abilities, Weirdness & Mutations

You cannot wear most types of armour.
You are amphibious.
You can wear up to eight rings at the same time.
Your skin changes colour to match your surroundings (Stealth+).
Your rubbery body absorbs attacks. (AC +1, EV +1)
((You are camouflaged near water. (Stealth+)))
You have tentacles for arms and can constrict up to eight enemies at once.


Message History

You hear a shout! x3
Unknown command.
Unknown command.
Press: ? - help, v - describe, . - travel, g - get item
Here: a large bag of meat, wielding a +9 giant spiked club and wearing a +100 ring of slaying (inner flame)
Items here: a +9 battleaxe; a +30 ring of slaying; a meat berserker corpse.
The floor, spattered with blood.
You slice the large bag of meat!!
Flame seeps out of the large bag of meat.
You cleave the large bag of meat in twain.
Makhleb accepts your kill.
The large bag of meat explodes!
The fiery explosion engulfs you!!!
The eight-headed meat hydra appears out of thin air!
An eight-headed meat hydra comes into view.
The Servant appears out of thin air!
Harold the Weathered comes into view.
He is wielding a +9 glaive of flaming.
You are engulfed in blazing flames.
* * * LOW HITPOINT WARNING * * *
The eight-headed meat hydra roars!
The Servant shouts!
You hear two shouts!
You hear a shout! x9
Your Fighting skill increases to level 13!
Your base Short Blades skill increases to level 13!
Your base Long Blades skill increases to level 13!
Your base Maces & Flails skill increases to level 13!
Your base Slings skill increases to level 13!
Your Bows skill increases to level 13!
Your Dodging skill increases to level 13!
Your Stealth skill increases to level 17!
Your Unarmed Combat skill increases to level 13!
Your Spellcasting skill increases to level 12!
Your Ice Magic skill increases to level 13!
Your Air Magic skill increases to level 13!
Your Poison Magic skill increases to level 15!
Your Invocations skill increases to level 14!
You have reached level 19!
You hear a shout! x5
The Servant hits you from afar with a +9 glaive of flaming!!!!
Ouch! That really hurt!
You die...

..... ... #...
..# . #... ..#
. ..###...
..###..
......###...D..
..O..._......
#o§§..# #§°§@_#
#§§§..#
......_@.....
......###......
..###...
..###.. . #...
..# . #... ..#
..... ...


You could see The Servant, an eight-headed meat hydra, a meat berserker
(berserk) and a bag of meat.

Vanquished Creatures
  5 ogres (D)
  A two-headed ogre (D)
  6 orcs (D)
12 creatures vanquished.

Notes
Turn   | Place    | Note
-------+----------+-------------------------------------------
     0 | D        | Found the +∞ Axe of Woe
     0 | D        | Zeld the Octopode Monk began the quest for the Orb.
     0 | D        | Reached XP level 1. HP: 16/16 MP: 1/1
     2 | D        | Noticed a bag of meat
     4 | D        | Became a worshipper of Makhleb the Destroyer
     4 | D        | Reached * piety under Makhleb
     4 | D        | Reached ** piety under Makhleb
     6 | D        | Noticed a bag of meat
    12 | D        | Noticed a bag of meat
    13 | D        | Noticed a meat berserker
    14 | D        | Killed a bag of meat
    14 | D        | Noticed a bag of meat
    14 | D        | Noticed a meat berserker
    15 | D        | Reached skill level 5 in Short Blades
    15 | D        | Reached skill level 5 in Axes
    15 | D        | Reached skill level 5 in Polearms
    15 | D        | Reached skill level 5 in Staves
    15 | D        | Reached skill level 5 in Slings
    15 | D        | Reached skill level 5 in Bows
    15 | D        | Reached skill level 5 in Crossbows
    15 | D        | Reached skill level 5 in Throwing
    15 | D        | Reached skill level 8 in Stealth
    15 | D        | Reached skill level 5 in Shields
    15 | D        | Reached skill level 5 in Spellcasting
    15 | D        | Reached skill level 5 in Conjurations
    15 | D        | Reached skill level 5 in Hexes
    15 | D        | Reached skill level 5 in Summonings
    15 | D        | Reached skill level 5 in Necromancy
    15 | D        | Reached skill level 5 in Translocations
    15 | D        | Reached skill level 5 in Transmutations
    15 | D        | Reached skill level 5 in Fire Magic
    15 | D        | Reached skill level 5 in Ice Magic
    15 | D        | Reached skill level 5 in Air Magic
    15 | D        | Reached skill level 5 in Earth Magic
    15 | D        | Reached XP level 2. HP: 26/26 MP: 1/8
    15 | D        | Reached XP level 3. HP: 31/31 MP: 1/9
    15 | D        | Reached XP level 4. HP: 36/36 MP: 1/11
    15 | D        | Reached XP level 5. HP: 42/42 MP: 1/12
    15 | D        | Reached XP level 6. HP: 47/47 MP: 1/13
    15 | D        | Reached XP level 7. HP: 53/53 MP: 1/14
    15 | D        | Reached XP level 8. HP: 58/58 MP: 1/15
    15 | D        | Reached XP level 9. HP: 63/63 MP: 1/16
    15 | D        | Reached XP level 10. HP: 69/69 MP: 1/17
    15 | D        | Reached XP level 11. HP: 73/73 MP: 1/18
    15 | D        | Reached XP level 12. HP: 80/80 MP: 1/19
    15 | D        | Noticed a bag of meat
    16 | D        | Killed a meat berserker
    16 | D        | Noticed a bag of meat
    16 | D        | Noticed a bag of meat
    17 | D        | Reached skill level 10 in Stealth
    17 | D        | Reached XP level 13. HP: 31/88 MP: 1/23
    17 | D        | Reached XP level 14. HP: 33/94 MP: 1/24
    17 | D        | Noticed a meat berserker
    17 | D        | Killed a meat berserker
    17 | D        | Reached *** piety under Makhleb
    18 | D        | Reached skill level 12 in Stealth
    18 | D        | Reached skill level 10 in Poison Magic
    18 | D        | Reached XP level 15. HP: 67/101 MP: 1/26
    18 | D        | Killed a meat berserker
    18 | D        | Noticed a meat berserker
    19 | D        | Reached skill level 10 in Maces & Flails
    19 | D        | Reached skill level 13 in Stealth
    19 | D        | Reached skill level 10 in Unarmed Combat
    19 | D        | Reached skill level 10 in Invocations
    19 | D        | Reached XP level 16. HP: 106/109 MP: 1/28
    19 | D        | Noticed a meat berserker
    21 | D        | Reached skill level 10 in Fighting
    21 | D        | Reached skill level 10 in Long Blades
    21 | D        | Reached skill level 10 in Bows
    21 | D        | Reached skill level 10 in Dodging
    21 | D        | Reached skill level 10 in Shields
    21 | D        | Reached skill level 10 in Ice Magic
    21 | D        | Reached **** piety under Makhleb
    22 | D        | Reached skill level 10 in Short Blades
    22 | D        | Reached skill level 10 in Axes
    22 | D        | Reached skill level 10 in Polearms
    22 | D        | Reached skill level 10 in Staves
    22 | D        | Reached skill level 10 in Slings
    22 | D        | Reached skill level 10 in Crossbows
    22 | D        | Reached skill level 10 in Throwing
    22 | D        | Reached skill level 14 in Stealth
    22 | D        | Reached skill level 10 in Conjurations
    22 | D        | Reached skill level 10 in Hexes
    22 | D        | Reached skill level 10 in Summonings
    22 | D        | Reached skill level 10 in Necromancy
    22 | D        | Reached skill level 10 in Translocations
    22 | D        | Reached skill level 10 in Transmutations
    22 | D        | Reached skill level 10 in Fire Magic
    22 | D        | Reached skill level 10 in Air Magic
    22 | D        | Reached skill level 10 in Earth Magic
    22 | D        | Reached XP level 17. HP: 25/117 MP: 2/30
    22 | D        | Killed a meat berserker
    22 | D        | Killed a meat berserker
    22 | D        | Noticed a large bag of meat
    23 | D        | Reached skill level 16 in Stealth
    23 | D        | Reached XP level 18. HP: 87/126 MP: 3/33
    23 | D        | Reached ***** piety under Makhleb
    24 | D        | Noticed a destroyer
    24 | D        | Noticed a meat berserker
    25 | D        | Killed a large bag of meat
    25 | D        | Noticed an eight-headed meat hydra
    25 | D        | Noticed The Servant
    26 | D        | Reached skill level 17 in Stealth
    26 | D        | Reached skill level 15 in Poison Magic
    26 | D        | Reached XP level 19. HP: 31/134 MP: 3/35
    26 | D        | Annihilated by The Servant

Illustrated notes

Levels and vault maps discovered:
D:        meatsprint

Skill      XL: |  1  2  3  4  5  6  7  8  9 10 11 12 13 14 15 16 17 18 |
---------------+-------------------------------------------------------+-----
Fighting       | 6 8 9 11 12 13 | 13.2
Short Blades   | 5 7 8 9 10 12 13 | 13.0
Long Blades    | 6 7 9 10 12 13 | 13.2
Axes           | 5 7 8 9 10 12 | 12.9
Maces & Flails | 6 8 9 10 11 12 13 | 13.3
Polearms       | 5 7 8 9 10 12 | 12.9
Staves         | 5 7 8 9 10 12 | 12.7
Slings         | 5 7 8 9 10 12 13 | 13.0
Bows           | 5 7 8 9 10 12 13 | 13.0
Crossbows      | 5 7 8 9 10 12 | 12.9
Throwing       | 5 7 8 9 10 12 | 12.9
Dodging        | 6 8 9 10 12 13 | 13.2
Stealth        | 8 10 12 13 14 16 17 | 17.5
Shields        | 5 7 8 9 10 12 | 12.9
Unarmed Combat | 6 8 9 10 11 12 13 | 13.3
Spellcasting   | 5 6 7 8 9 11 12 | 12.1
Conjurations   | 5 7 8 9 10 12 | 12.9
Hexes          | 5 7 8 9 10 12 | 12.9
Summonings     | 5 7 8 9 10 12 | 12.9
Necromancy     | 5 7 8 9 10 12 | 12.9
Translocations | 5 7 8 9 10 12 | 12.9
Transmutations | 5 7 8 9 10 12 | 12.8
Fire Magic     | 5 7 8 9 10 12 | 12.9
Ice Magic      | 5 7 8 9 10 12 13 | 13.1
Air Magic      | 5 7 8 9 10 12 13 | 13.0
Earth Magic    | 5 7 8 9 10 12 | 12.9
Poison Magic   | 6 8 10 11 12 14 15 | 15.0
Invocations    | 6 8 9 10 11 13 14 | 14.0

Action                   |  1- 3 |  4- 6 |  7- 9 | 10-12 | 13-15 | 16-18 | 19-21 || total
-------------------------+-------+-------+-------+-------+-------+-------+-------++-------
Melee: Executioner's axe |     1 |       |       |     1 |     2 |     5 |       ||     9
Invok: Major Destruction |       |       |       |       |       |     1 |       ||     1
Dodge: Dodged            |       |       |       |     1 |     1 |       |       ||     2

Table legend: (Time is in decaauts)
 A = Elapsed time spent in this place.
 B = Non-inter-level travel time spent in this place.
 C = Inter-level travel time spent in this place.
 D = Time resting spent in this place.
 E = Time spent auto-exploring this place.
 F = Levels seen in this place.
 G = Mean time per level.
                   A        B        C        D        E       F      G
               +--------+--------+--------+--------+--------+-----+--------+
         Total |     29 |     29 |      0 |      0 |      0 |   1 |   29.0 |
       Dungeon |     29 |     29 |      0 |      0 |      0 |   1 |   29.0 |
               +--------+--------+--------+--------+--------+-----+--------+

Top non-repeatable levels by time:
       D: 29 daAuts
